[Event "*** Titled Tuesday Blitz"]
[Site "Chess.com"]
[Date "2021.04.06"]
[Round "5"]
[White "NateSolon"]
[Black "Sibelephant"]
[Result "0-1"]
[WhiteElo "2631"]
[BlackElo "3112"]
[TimeControl "180+1"]
[EndTime "10:53:19 PDT"]
[Termination "Sibelephant won by resignation"]

1. d4 Nf6 2. c4 g6 3. g3 Bg7 4. Bg2 O-O 5. Nc3 Nc6 6. Nf3 d5 7. cxd5 Nxd5 8. O-O Nb6 9. e3 Re8 10. b3 e5 11. dxe5 Nxe5 12. Nxe5 Bxe5 13. Bb2 c6 14. Qe2 Qe7 15. Rac1 a5 16. Ne4 Bf5 17. Nc5 Bxb2 18. Qxb2 Red8 19. Rfd1 Rxd1+ 20. Rxd1 Qxc5 0-1

[Event "*** Titled Tuesday Blitz"]
[Site "Chess.com"]
[Date "2021.04.06"]
[Round "5"]
[White "kikydu96"]
[Black "rugbyclub"]
[Result "1-0"]
[WhiteElo "2432"]
[BlackElo "2254"]
[TimeControl "180+1"]
[EndTime "10:53:39 PDT"]
[Termination "kikydu96 won by checkmate"]

1. e4 e6 2. d4 d5 3. Nc3 Nf6 4.
e5 Nfd7 5. f4 c5 6. Nf3 Nc6 7. Be3 Be7 8. Qd2 a6 9. dxc5 Nxc5 10.
O-O-O b5 11. Qf2 b4 12. Nxd5 Qa5 13. Nxe7 Ne4 14. Nxc6 Qxa2 15. Rd8# 1-0

[Event "*** Titled Tuesday Blitz"]
[Site "Chess.com"]
[Date "2021.04.06"]
[Round "5"]
[White "IwkooO"]
[Black "DrVelja"]
[Result "0-1"]
[WhiteElo "2603"]
[BlackElo "2868"]
[TimeControl "180+1"]
[EndTime "10:53:44 PDT"]
[Termination "DrVelja won by resignation"]

1. e4 c6 2. d4 d5 3. e5 Bf5 4. Nd2 e6 5. Nb3 Nd7 6. Nf3 a6 7. Be2 c5 8. c3 h6 9. O-O c4 10. Nbd2 Ne7 11. Re1 Nc6 12. Nf1 b5 13. h3 b4 14.
N3h2 Qa5 15. Bd2 Rb8 16. f4 Be7 17. Ne3 Be4 18. Bf3 Bd3 19. Nhg4 bxc3 20. bxc3 Bh4 21. Nf2 Bxf2+ 22. Kxf2 O-O 23. Be2 Bxe2 24. Qxe2 Rb2 25.
f5 Nxd4 0-1

[Event "*** Titled Tuesday Blitz"]
[Site "Chess.com"]
[Date "2021.04.06"]
[Round "5"]
[White "powermove"]
[Black "Rodchenkov_Vitalij"]
[Result "1-0"]
[WhiteElo "1673"]
[BlackElo "2156"]
[TimeControl "180+1"]
[EndTime "10:53:47 PDT"]
[Termination "powermove won by resignation"]

1. e4 c6 2. d4 d5 3. e5 Bf5 4. Nf3 e6 5. Be2 Ne7 6. O-O c5 7. c4 Nec6 8. cxd5 Qxd5 9. Nc3 Qd8 10. dxc5 Bxc5 11. Qxd8+ Nxd8 12. Nb5 Na6 13. Bg5 O-O 14.
Rac1 Nc6 15. a3 Bb6 16. Nd6 Nc7 17.
Nxb7 Nd5 18. Rxc6 1-0

[Event "*** Titled Tuesday Blitz"]
[Site "Chess.com"]
[Date "2021.04.06"]
[Round "5"]
[White "Boorchess"]
[Black "MoreChessJulia"]
[Result "1-0"]
[WhiteElo "2544"]
[BlackElo "2118"]
[TimeControl "180+1"]
[EndTime "10:53:49 PDT"]
[Termination "Boorchess won by resignation"]

1. Nf3 g6 2. d4 Bg7 3. Bf4 c5 4. c3 Qb6 5. Qb3 d5 6. e3 c4 7. Qc2 Bf5 8. Qc1 Nf6 9. Nbd2 Nbd7 10. h3 Ne4 11. g4 Nxd2 12. Nxd2 Be6 13. Bg2 f5 14. g5 Bf7 15. Nf3 e6 16. h4 O-O-O 17. b3 cxb3 18. axb3 a6 19. c4 Qc6 20. O-O dxc4 21.
Ne5 Nxe5 22. Bxc6 Nxc6 23. Qxc4 Kd7 24. Qc5 Bf8 25. Qb6 Kc8 26. Rxa6 Bd6 27. Ra8+ Nb8 28. Rc1+ Kd7 29. Qxd6+ 1-0

[Event "*** Titled Tuesday Blitz"]
[Site "Chess.com"]
[Date "2021.04.06"]
[Round "5"]
[White "Alexander_Moskalenko"]
[Black "Brave_spirit12"]
[Result "1-0"]
[WhiteElo "2746"]
[BlackElo "2561"]
[TimeControl "180+1"]
[EndTime "10:53:54 PDT"]
[Termination "Alexander_Moskalenko won by resignation"]

1. e4 e6 2. d4 d5 3. Nc3 Nf6 4. e5 Nfd7 5. Nce2 c5 6. c3 Nc6 7. Nf3 Qb6 8. a3 f6 9. Nf4 Ne7 10. Bd3 c4 11. Bc2 fxe5 12. Nxe5 Nxe5 13. dxe5 g6 14. h4 Bg7 15. h5 g5 16. h6 Bxe5 17. Qh5+ Kd8 18. Qxg5 Qc7 19. Rh5 Bd6 20. Qf6 Re8 21.
Bxh7 Kd7 22. Bc2 Ng8 23. Ba4+ 1-0

[Event "*** Titled Tuesday Blitz"]
[Site "Chess.com"]
[Date "2021.04.06"]
[Round "5"]
[White "FairChess_on_YouTube"]
[Black "kirillshevchenko"]
[Result "1-0"]
[WhiteElo "3014"]
[BlackElo "2829"]
[TimeControl "180+1"]
[EndTime "10:54:17 PDT"]
[Termination "FairChess_on_YouTube won by resignation"]

1. e4 c5 2. Nf3 d6 3. d4 cxd4 4. Nxd4 Nf6 5. Nc3 a6 6. a4 e5 7. Nf3 Qc7 8. Bg5 Nbd7 9. Nd2 h6 10. Bh4 g5 11. Bg3 Nc5 12. h4 Bg7 13. hxg5 hxg5 14.
Rxh8+ Bxh8 15. f3 Be6 16. Bf2 Rd8 17. b4 Ncd7 18. Ra3 Nb6 19. a5 Nc4 20. Bxc4 Bxc4 21. Bb6 Qc6 22. Bxd8 Be6 23. Bxf6 Bxf6 24. Nd5 Bxd5 25.
exd5 Qb5 26. c4 1-0

[Event "*** Titled Tuesday Blitz"]
[Site "Chess.com"]
[Date "2021.04.06"]
[Round "5"]
[White "Leonid_Starozhilov"]
[Black "sewin16"]
[Result "1-0"]
[WhiteElo "2727"]
[BlackElo "2508"]
[TimeControl "180+1"]
[EndTime "10:54:17 PDT"]
[Termination "Leonid_Starozhilov won by resignation"]

1. c4 e5 2. Nc3 Nf6 3. g3 d5 4.
cxd5 Nxd5 5. Bg2 Ne7 6. d4 exd4 7. Nb5 Nbc6 8. Bf4 Ng6 9. Nxc7+ Kd7 10. Nxa8 Nxf4 11. gxf4 Bb4+ 12. Kf1 Ke7 13. Nf3 Bf5 14. Ne5 Nxe5 15. fxe5 Qxa8 16. Qxd4 a5 17. a3 1-0

[Event "*** Titled Tuesday Blitz"]
[Site "Chess.com"]
[Date "2021.04.06"]
[Round "5"]
[White "Ceejay271"]
[Black "jd001"]
[Result "1-0"]
[WhiteElo "2350"]
[BlackElo "2164"]
[TimeControl "180+1"]
[EndTime "10:54:25 PDT"]
[Termination "Ceejay271 won by resignation"]

1. d4 e6 2. Nf3 f5 3. g3 Nf6 4. Bg2 Be7 5. O-O O-O 6. c4 a5 7. Nc3 d6 8. Qd3 h6 9. e4 fxe4 10. Nxe4 Nc6 11. a3 e5 12. dxe5 dxe5 13. Qxd8 Rxd8 14.
Nxf6+ Bxf6 15. Be3 Be6 16. Rac1 Rd3 17. Nd2 Rad8 18.
Ne4 Be7 19. Nc5 Bxc5 20. Bxc5 Rd2 21. b4 axb4 22. axb4 Kf7 23. b5 Na5 24. Bb4 Nxc4 25. Bxd2 Nxd2 26. Rfe1 Kf6 27. Rxc7 b6 28. Rc6 Nc4 29.
Bh3 Rd6 30. Bxe6 Kxe6 31. Rxc4 1-0

[Event "*** Titled Tuesday Blitz"]
[Site "Chess.com"]
[Date "2021.04.06"]
[Round "5"]
[White "Flopezin"]
[Black "zala02"]
[Result "1-0"]
[WhiteElo "2345"]
[BlackElo "2148"]
[TimeControl "180+1"]
[EndTime "10:54:36 PDT"]
[Termination "Flopezin won by resignation"]

1. c4 c6 2. e4 d5 3. exd5 cxd5 4. d4 Nf6 5. Nc3 Nc6 6. Nf3 e6 7. cxd5 exd5 8. Bd3 Bg4 9. Be3 Be7 10. h3 Bh5 11.
O-O Rc8 12. Be2 Bg6 13. Rc1 O-O 14. Na4 Ne4 15. Nc5 b6 16. Nd3 Bf6 17. Nf4 Qd7 18. Nxg6 hxg6 19. Ba6 Rcd8 20. Bb5 Rc8 21. Qa4 Qf5 22.
Bxc6 g5 23. Bd7 Qg6 24. Rxc8 Rxc8 25. Bxc8 g4 26. Qe8+ Kh7 27. Bxg4 a5 28. Ne5 Bxe5 29.
Qxe5 Nf6 30. Bf5 1-0

[Event "*** Titled Tuesday Blitz"]
[Site "Chess.com"]
[Date "2021.04.06"]
[Round "5"]
[White "Kildepiotr"]
[Black "GigaQuparadze"]
[Result "1/2-1/2"]
[WhiteElo "2672"]
[BlackElo "2857"]
[TimeControl "180+1"]
[EndTime "10:54:39 PDT"]
[Termination "Game drawn by repetition"]

1. Nf3 c5 2. g3 b6 3. Bg2 Bb7 4. O-O g6 5. c4 Bg7 6. Nc3 Nf6 7. d3 d5 8. cxd5 Nxd5 9. Bd2 O-O 10. Nxd5 Bxd5 11. Bc3 Nc6 12. Bxg7 Kxg7 13. a3 Qd6 14. Rc1 Rac8 15. Nd2 Bxg2 16. Kxg2 Nd4 17. e3 Qd5+ 18. Kg1 Ne6 19. Ne4 Rfd8 20. Rc3 c4 21. f3 cxd3 22. Qd2 Nc5 23. Nxc5 Rxc5 24. Rxc5 bxc5 25.
e4 Qd4+ 26. Qf2 Qc4 27. Rd1 e5 28. Qe3 a5 29. Kf2 a4 30. Rc1 Qb3 31. Qd2 c4 32. Rc3 Qb6+ 33. Kf1 Qd4 34. Qd1 Rb8 35. Qd2 Rb3 36. h4 Rxc3 37. Qxc3 Qxc3 38. bxc3 f5 39. g4 h6 40. g5 Kf7 41. Ke1 Ke6 42. Kd2 hxg5 43. hxg5 fxe4 44. fxe4 Kd6 45. Ke3 Ke6 46.
Kd2 Kd6 47. Ke3 Ke6 48. Kd2 1/2-1/2

[Event "*** Titled Tuesday Blitz"]
[Site "Chess.com"]
[Date "2021.04.06"]
[Round "5"]
[White "mishanick"]
[Black "KrolPawel92OnTwitch"]
[Result "1-0"]
[WhiteElo "2938"]
[BlackElo "2651"]
[TimeControl "180+1"]
[EndTime "10:54:39 PDT"]
[Termination "mishanick won by checkmate"]

1. e4 c5 2. Nf3 e6 3. d4 cxd4 4. Nxd4 Qb6 5. Nb3 Nf6 6. Bd3 d5 7. Nc3 Bb4 8. exd5 Nxd5 9. Bd2 Nxc3 10. bxc3 Bd6 11. O-O O-O 12. c4 Qc7 13. Qh5 g6 14.
Qh4 Be5 15. Rae1 Nc6 16. Bh6 Bg7 17. Re3 e5 18. f4 exf4 19. Bxf4 Qb6 20. c5 Qb4 21. Re4 Qc3 22. Bd6 Rd8 23. Rxf7 Bf5 24.
Bc4 Bxe4 25. Rf8# 1-0

[Event "*** Titled Tuesday Blitz"]
[Site "Chess.com"]
[Date "2021.04.06"]
[Round "5"]
[White "kingnb"]
[Black "Darius321"]
[Result "1-0"]
[WhiteElo "2578"]
[BlackElo "2282"]
[TimeControl "180+1"]
[EndTime "10:54:41 PDT"]
[Termination "kingnb won by resignation"]

1. d4 d5 2. Nf3 e6 3. e3 c5 4. c3 Nc6 5. Nbd2 Nf6 6. Bd3 Bd6 7. O-O O-O 8. Qe2 e5 9. dxc5 Bxc5 10. e4 d4 11. Nb3 Bb6 12. cxd4 Nxd4 13. Nbxd4 Bxd4 14. Nxd4 Qxd4 15. Be3 Qa4 16. Bc5 Rd8 17. Be7 Rd4 18. Bb5 Rxe4 19. Qd3 Rd4 20. Qe2 Re4 21. Qd3 Rd4 22.
Qg3 Qxb5 23. Bxf6 Rg4 24. Qxe5 gxf6 25. Qxb5 1-0

[Event "*** Titled Tuesday Blitz"]
[Site "Chess.com"]
[Date "2021.04.06"]
[Round "5"]
[White "Shankovskyi"]
[Black "AniJak"]
[Result "0-1"]
[WhiteElo "2456"]
[BlackElo "2298"]
[TimeControl "180+1"]
[EndTime "10:54:41 PDT"]
[Termination "AniJak won by resignation"]

1. e4 c6 2. c4 d5 3. cxd5 cxd5 4. exd5 Nf6 5. Qa4+ Nbd7 6. Nc3 g6 7. Nf3 Bg7 8. Bc4 O-O 9. O-O Nb6 10. Qb4 Nfxd5 11. Nxd5 Nxd5 12. Bxd5 Qxd5 13. Qxe7 Bg4 14. Qe3 Rfe8 15.
Qa3 Rad8 16. h3 Bxf3 17. Qxf3 Qxf3 18. gxf3 Rd3 19. Kg2 Re6 20. a4 Rb6 21. Ra2 Rbb3 22. Re1 Bd4 23. Ra3 Rxf3 24. Re8+ Kg7 25. Re7 Rxf2+ 26.
Kg1 Rxa3 27. bxa3 Re2+ 28. Re3 Bxe3+ 29. dxe3 Re1+ 30. Kf2 Rxc1 0-1

[Event "*** Titled Tuesday Blitz"]
[Site "Chess.com"]
[Date "2021.04.06"]
[Round "5"]
[White "The_Machine04"]
[Black "tusplingher"]
[Result "0-1"]
[WhiteElo "2431"]
[BlackElo "2328"]
[TimeControl "180+1"]
[EndTime "10:54:42 PDT"]
[Termination "tusplingher won by resignation"]

1. d4 Nf6 2. Bg5 Ne4 3. Bf4 c5 4. f3 Nf6 5. dxc5 Qa5+ 6. Nc3 Qxc5 7. e4 Nc6 8. Qd2 g6 9. O-O-O Bg7 10. Bh6 O-O 11. h4 Nh5 12. Nge2 b5 13. g4 Nf6 14. h5 b4 15. Bxg7 Kxg7 16. hxg6 fxg6 17. Qh6+ Kg8 18.
Nd5 Rf7 19. Nef4 Nxd5 20. Rxd5 Qe3+ 21. Rd2 Qxf4 22. Qh4 Ne5 23. Be2 Ba6 24. Bd1 Rc8 25.
Rh3 Nd3+ 26. Kb1 Qxd2 0-1

[Event "*** Titled Tuesday Blitz"]
[Site "Chess.com"]
[Date "2021.04.06"]
[Round "5"]
[White "Nicolas_Chess10"]
[Black "xurramid77"]
[Result "0-1"]
[WhiteElo "2443"]
[BlackElo "2616"]
[TimeControl "180+1"]
[EndTime "10:54:49 PDT"]
[Termination "xurramid77 won by checkmate"]

1. d4 Nf6 2. c4 g6 3. f3 Bg7 4. e4 O-O 5. Nc3 d6 6. Be3 c5 7. Nge2 b6 8. Qd2 Ba6 9. b3 e6 10. Rd1 Nc6 11. d5 exd5 12. cxd5 Ne5 13. Ng3 Bxf1 14. Nxf1 Re8 15. h3 c4 16. bxc4 Nxc4 17. Qc1 Nxe3 18. Nxe3 Rc8 19. Qd2 Rxc3 20. Qxc3 Nxe4 21.
Qc2 Qh4+ 22. Ke2 Ng3+ 23. Kd3 Qd4# 0-1

[Event "*** Titled Tuesday Blitz"]
[Site "Chess.com"]
[Date "2021.04.06"]
[Round "5"]
[White "madamDD"]
[Black "Yaryi_sergey"]
[Result "1-0"]
[WhiteElo "2379"]
[BlackElo "2515"]
[TimeControl "180+1"]
[EndTime "10:55:00 PDT"]
[Termination "madamDD won by resignation"]

1. e4 c6 2. d4 Na6 3. Nf3 g6 4. c3 Nc7 5. Bd3 Bg7 6. O-O d5 7.
e5 h5 8. Bg5 Nh6 9. Nbd2 Nf5 10. Re1 Ne6 11. Bxf5 gxf5 12. Nf1 f4 13. Qd2 Nxg5 14.
Nxg5 e6 15. Qxf4 Qe7 16. h4 Bd7 17. Re3 f6 18. exf6 Bxf6 19. Nxe6 Bxe6 20. Rae1 Kf7 21. Rxe6 Qxe6 22. Rxe6 Kxe6 23. Ng3 Raf8 24. Qf5+ Ke7 25. Nxh5 Bxd4 26. Qg5+ Bf6 27. Nxf6 Rxf6 28. Qg7+ Rf7 29.
Qxh8 1-0

[Event "*** Titled Tuesday Blitz"]
[Site "Chess.com"]
[Date "2021.04.06"]
[Round "5"]
[White "rquery98"]
[Black "Blitzking642"]
[Result "1-0"]
[WhiteElo "2645"]
[BlackElo "2450"]
[TimeControl "180+1"]
[EndTime "10:55:01 PDT"]
[Termination "rquery98 won by resignation"]

1. Nf3 c5 2. c4 g6 3. g3 Nc6 4. Bg2 Bg7 5. Nc3 d6 6. O-O e5 7. a3 a5 8. Ne1 Nge7 9. Nc2 O-O 10.
d3 Be6 11. Ne3 h6 12. Rb1 Rb8 13. Ned5 f5 14. b4 axb4 15. axb4 b6 16. b5 Na7 17.
Nxe7+ Qxe7 18. Nd5 Qd8 19. Ra1 Nc8 20. Bb2 Ne7 21.
Nxe7+ Qxe7 22. Ra6 Rfd8 23. Qa4 Kh8 24. Ra7 Rd7 25.
Ra8 Rxa8 26. Qxa8+ Qd8 27. Ra1 Kh7 28. Bc6 Qxa8 29.
Rxa8 Rc7 30. Ra6 1-0

[Event "*** Titled Tuesday Blitz"]
[Site "Chess.com"]
[Date "2021.04.06"]
[Round "5"]
[White "MustafayevFarid2004"]
[Black "kinga2008"]
[Result "1-0"]
[WhiteElo "2456"]
[BlackElo "2271"]
[TimeControl "180+1"]
[EndTime "10:55:01 PDT"]
[Termination "MustafayevFarid2004 won by resignation"]

1. d4 g6 2. c4 Bg7 3. Nf3 d6 4.
Nc3 Bg4 5. e3 Nc6 6. Be2 Nf6 7.
O-O O-O 8. h3 Bxf3 9. Bxf3 e5 10.
Bxc6 bxc6 11. dxe5 dxe5 12. Qf3 Qd6 13. Rd1 Qe6 14.
b3 Rad8 15. Ba3 Rfe8 16. Na4 e4 17. Qg3 Nh5 18. Qxc7 Rc8 19. Qxa7 Bxa1 20. Rxa1 Red8 21. Bc5 Rd2 22. Qa5 Rcd8 23. Bd4 Rc2 24. Qxd8+ 1-0

[Event "*** Titled Tuesday Blitz"]
[Site "Chess.com"]
[Date "2021.04.06"]
[Round "5"]
[White "Chandradi"]
[Black "kleopl"]
[Result "0-1"]
[WhiteElo "2382"]
[BlackElo "2555"]
[TimeControl "180+1"]
[EndTime "10:55:04 PDT"]
[Termination "kleopl won by resignation"]

1. c4 f5 2. g3 Nf6 3. Bg2 e5 4.
Nc3 Nc6 5. d3 Bb4 6. Bd2 O-O 7.
Nd5 Bxd2+ 8. Qxd2 d6 9. Nf3 Nxd5 10. cxd5 Ne7 11. Ng5 h6 12. Nh3 Qe8 13. O-O f4 14.
f3 Nxd5 15. g4 Ne3 16. Rfc1 c5 17. b4 b6 18. Nf2 Bb7 19. Ne4 Bxe4 20. fxe4 Nxg4 21.
Bh3 Qh5 22. Bxg4 Qxg4+ 23. Kh1 f3 24. Rg1 Qf4 25. e3 Qf6 26. Raf1 Rf7 27. Rg3 f2 28. Rg2 Raf8 29. bxc5 dxc5 30. Qc3 Kh8 31. Rgxf2 Qxf2 32. Rxf2 Rxf2 33. Qxe5 Rxa2 34. Kg1 Rff2 35. Qe8+ Kh7 36. e5 Rg2+ 37. Kf1 Rxh2 38. Kg1 Rhg2+ 39. Kh1 Rgc2 0-1

[Event "*** Titled Tuesday Blitz"]
[Site "Chess.com"]
[Date "2021.04.06"]
[Round "5"]
[White "OlifantCZ"]
[Black "bazar-wokzal"]
[Result "1/2-1/2"]
[WhiteElo "2303"]
[BlackElo "2572"]
[TimeControl "180+1"]
[EndTime "10:55:06 PDT"]
[Termination "Game drawn by repetition"]

1. c4 f5 2. g3 Nf6 3. Bg2 e5 4. Nc3 Nc6 5. e3 d6 6. Nge2 g5 7. h4 g4 8. d4 Bg7 9. b3 O-O 10. Bb2 Nh5 11. Qc2 exd4 12. Nxd4 Nxd4 13. exd4 Bxd4 14.
O-O-O Bg7 15. Nb5 a6 16. Bxg7 Kxg7 17. Nd4 Qf6 18. Rhe1 c5 19. Ne2 a5 20. Nc3 Ra6 21.
a4 f4 22. Nd5 Qa1+ 23. Kd2 Qd4+ 24. Kc1 Qa1+ 25. Kd2 Qd4+ 26. Kc1 Qa1+ 1/2-1/2

[Event "*** Titled Tuesday Blitz"]
[Site "Chess.com"]
[Date "2021.04.06"]
[Round "5"]
[White "louis198"]
[Black "NTBT_DHS"]
[Result "1-0"]
[WhiteElo "2564"]
[BlackElo "2721"]
[TimeControl "180+1"]
[EndTime "10:55:08 PDT"]
[Termination "louis198 won by resignation"]

1. d4 Nf6 2. c4 g6 3. Nc3 Bg7 4. e4 O-O 5. Nf3 d6 6. Be2 e5 7.
O-O Nc6 8. d5 Ne7 9. b4 Nh5 10.
a4 f5 11. Nd2 Nf4 12. Re1 Nxe2+ 13. Qxe2 a5 14. bxa5 c5 15. dxc6 Nxc6 16. Nb5 Nd4 17. Nxd4 exd4 18. Qd3 Qxa5 19. Bb2 fxe4 20. Nxe4 Bf5 21.
Bxd4 d5 22. Bxg7 dxe4 23. Qc3 Rfc8 24. Qb2 Rxc4 25. Bh6 Qc7 26. Rec1 Raxa4 27. Rxa4 Rxc1+ 28. Qxc1 Qd7 29. Rc4 b5 30. Rc7 Qd5 31. Qa1 1-0

[Event "*** Titled Tuesday Blitz"]
[Site "Chess.com"]
[Date "2021.04.06"]
[Round "5"]
[White "Diaschess88"]
[Black "PrinceMurad09"]
[Result "1-0"]
[WhiteElo "2410"]
[BlackElo "2530"]
[TimeControl "180+1"]
[EndTime "10:55:08 PDT"]
[Termination "Diaschess88 won by resignation"]

1. d4 Nf6 2. c4 c5 3. Nf3 cxd4 4. Nxd4 e5 5. Nc2 d5 6. cxd5 Nxd5 7. e4 Nb6 8. Qxd8+ Kxd8 9. Nc3 a6 10. Be3 N8d7 11.
O-O-O Kc7 12. a4 Nf6 13. a5 Nbd7 14. f3 Bc5 15. Bc4 Rf8 16. b4 Bxe3+ 17. Nxe3 b5 18. Ncd5+ Nxd5 19. Bxd5 Ra7 20. Kb2 Kb8 21. Rd2 Nf6 22.
Rc1 Be6 23. Rc6 Rc8 24. Rxc8+ Kxc8 25. Bxe6+ fxe6 26. Rd6 Rd7 27. Rxe6 Rd3 28. Nf5 Rd2+ 29. Kc3 Rxg2 30. Rxa6 Rxh2 31. Nd6+ Kb8 32. Rb6+ Kc7 33. Nxb5+ Kd7 34. a6 1-0

[Event "*** Titled Tuesday Blitz"]
[Site "Chess.com"]
[Date "2021.04.06"]
[Round "5"]
[White "lrestevez"]
[Black "kidagent"]
[Result "0-1"]
[WhiteElo "2128"]
[BlackElo "2331"]
[TimeControl "180+1"]
[EndTime "10:55:12 PDT"]
[Termination "kidagent won by resignation"]

1. e4 c5 2. Nf3 d6 3. d4 cxd4 4. c3 dxc3 5. Nxc3 Nf6 6. Bc4 e6 7. Qe2 Be7 8. O-O Nbd7 9. Rd1 Qc7 10. Bf4 e5 11. Bg5 a6 12. Rac1 O-O 13. Bb3 Qa5 14. Nd5 Nxd5 15. Rxd5 Qd8 16. Bxe7 Qxe7 17. Rcd1 Nc5 18.
Rxd6 Nxb3 19. axb3 Be6 20. Qd3 f6 21. h3 Rac8 22.
Nd2 Rfd8 23. Nc4 Rxd6 24. Qxd6 Qxd6 25. Rxd6 Kf7 26. f3 Ke7 27. Rb6 Rc7 28. Nd6 Rc6 29.
Rxc6 bxc6 30. Nc4 Bxc4 31. bxc4 Kd6 32. b4 c5 33. b5 axb5 34. cxb5 c4 35. Kf2 Kc5 36.
b6 Kxb6 37. Ke2 Kc5 38. Kd2 Kd4 0-1

[Event "*** Titled Tuesday Blitz"]
[Site "Chess.com"]
[Date "2021.04.06"]
[Round "5"]
[White "EvilMorty23"]
[Black "GelmanAlexander"]
[Result "0-1"]
[WhiteElo "2454"]
[BlackElo "2649"]
[TimeControl "180+1"]
[EndTime "10:55:14 PDT"]
[Termination "GelmanAlexander won by resignation"]

1. e4 c5 2. Nf3 e6 3. c3 Nc6 4. d4 d5 5. e5 Bd7 6. a3 f6 7. b4 fxe5 8. dxe5 c4 9. Bf4 Nh6 10.
Bxh6 gxh6 11. Nbd2 Bg7 12. Be2 Qc7 13. O-O O-O-O 14.
Bxc4 dxc4 15. Nxc4 Kb8 16. Qe2 Ne7 17. Nd6 Rhf8 18. c4 Bc6 19. Nd4 Bxe5 20. c5 Bxd4 21. Rad1 Nf5 22. Qxe6 Nxd6 23. Rxd4 Nb5 24. Rh4 Qg7 25.
f3 Nd4 26. Rxd4 Qxd4+ 27. Kh1 Qf2 28. Rg1 Rxf3 29. Qe7 Qxg1+ 0-1

[Event "*** Titled Tuesday Blitz"]
[Site "Chess.com"]
[Date "2021.04.06"]
[Round "5"]
[White "SHIVACalypso"]
[Black "barbara25"]
[Result "1-0"]
[WhiteElo "2404"]
[BlackElo "2186"]
[TimeControl "180+1"]
[EndTime "10:55:20 PDT"]
[Termination "SHIVACalypso won by resignation"]

1. Nf3 Nf6 2. c4 e6 3. g3 d5 4. Bg2 Be7 5. O-O c6 6. d4 O-O 7.
Nc3 Nbd7 8. Nd2 b6 9. e4 dxe4 10. Ndxe4 Nxe4 11. Nxe4 Bb7 12. Be3 Nf6 13. Qc2 Qc7 14.
Rfd1 c5 15. Nxf6+ Bxf6 16. Bxb7 Qxb7 17. dxc5 bxc5 18. Bxc5 Rfc8 19. Bd4 Bxd4 20. Rxd4 a5 21. Rad1 a4 22. Qxa4 h6 23. Qb3 Qa6 24. a3 Rab8 25. Qc3 e5 26. Rd6 Qb7 27. b4 Qa7 28. c5 Qe7 29. c6 Ra8 30. b5 Qc7 31. Rd7 Qb6 32. Qb4 Rab8 33. R1d5 e4 34. Re5 Re8 35. Qxe4 Rf8 36.
a4 Qa5 37. Ree7 Qc3 38. c7 Rbc8 39. b6 Qb2 40. b7 1-0

[Event "*** Titled Tuesday Blitz"]
[Site "Chess.com"]
[Date "2021.04.06"]
[Round "5"]
[White "C_K_G"]
[Black "Nemsko"]
[Result "1-0"]
[WhiteElo "2054"]
[BlackElo "2300"]
[TimeControl "180+1"]
[EndTime "10:55:21 PDT"]
[Termination "C_K_G won by resignation"]

1. e4 e5 2. Nf3 Nc6 3. Bc4 Bc5 4. c3 Nf6 5. d4 exd4 6. cxd4 Bb4+ 7. Nc3 Nxe4 8. O-O Bxc3 9. d5 Bf6 10. Re1 Ne7 11. Rxe4 d6 12. Bg5 Bxg5 13. Nxg5 h6 14. Qe2 hxg5 15.
Re1 Be6 16. dxe6 f6 17. Re3 c6 18. Rh3 Rg8 19. Qh5+ g6 20. Qh7 Rf8 21. Rh6 d5 22. Bd3 f5 23. Rxg6 Nxg6 24. Qxg6+ Ke7 25. Qxg5+ Rf6 26.
Qg7+ Ke8 27. e7 1-0

[Event "*** Titled Tuesday Blitz"]
[Site "Chess.com"]
[Date "2021.04.06"]
[Round "5"]
[White "Kale36"]
[Black "DonPreuss"]
[Result "1/2-1/2"]
[WhiteElo "2408"]
[BlackElo "2258"]
[TimeControl "180+1"]
[EndTime "10:55:22 PDT"]
[Termination "Game drawn by repetition"]

1. d4 Nc6 2. Nf3 d6 3. d5 Ne5 4. Nxe5 dxe5 5. e4 g6 6. c4 Bg7 7. Nc3 e6 8. Be3 Ne7 9. Bd3 O-O 10. O-O f5 11. f3 f4 12. Bf2 exd5 13. cxd5 Bd7 14. Rc1 Nc8 15. Bb5 Nd6 16. Bxd7 Qxd7 17. Qe2 a6 18. Rc2 g5 19. Rfc1 Rac8 20. b3 h5 21. h3 Kh7 22. a4 Bh6 23. Nd1 Rg8 24.
Bc5 g4 25. hxg4 hxg4 26. Bxd6 cxd6 27. Rxc8 Rxc8 28. Rxc8 Qxc8 29. Qc4 Qd7 30. Nf2 gxf3 31. gxf3 Bg7 32. Ng4 Qe7 33. Qc8 Qh4 34. Qf5+ Kh8 35.
Qc8+ Kh7 36. Qf5+ Kh8 37. Qc8+ Kh7 1/2-1/2

[Event "*** Titled Tuesday Blitz"]
[Site "Chess.com"]
[Date "2021.04.06"]
[Round "5"]
[White "EfrenRamos1"]
[Black "Torrentec"]
[Result "0-1"]
[WhiteElo "2276"]
[BlackElo "2444"]
[TimeControl "180+1"]
[EndTime "10:55:25 PDT"]
[Termination "Torrentec won by resignation"]

1. d4 d5 2. c4 c6 3. Nf3 Nf6 4. g3 Bf5 5. Nbd2 e6 6. Bg2 Nbd7 7. O-O h6 8. b3 Bd6 9. Bb2 O-O 10. a4 a5 11. h3 Bh7 12. e3 Ne4 13. Nxe4 Bxe4 14.
Nd2 Bxg2 15. Kxg2 Nf6 16. Qe2 Re8 17. f4 Bb4 18. Nf3 Ne4 19. Ne5 Nd2 20. Qh5 Rf8 21. f5 Nxf1 22. Rxf1 exf5 23. Rxf5 Qe7 24. Qf3 Rad8 25.
cxd5 cxd5 26. g4 Rc8 27. Kg3 Rc2 28. Ba1 Be1+ 0-1

[Event "*** Titled Tuesday Blitz"]
[Site "Chess.com"]
[Date "2021.04.06"]
[Round "5"]
[White "Sergey85Rodchenkov"]
[Black "gahryman"]
[Result "1-0"]
[WhiteElo "2538"]
[BlackElo "2730"]
[TimeControl "180+1"]
[EndTime "10:55:26 PDT"]
[Termination "Sergey85Rodchenkov won by resignation"]

1. e4 c5 2. Nf3 e6 3. d3 Nc6 4. g3 Nf6 5. Bg2 d5 6. Nbd2 g6 7. O-O Bg7 8. Re1 O-O 9. c3 a5 10. a4 b6 11. h4 Ba6 12. exd5 exd5 13. Nb3 Qd7 14. Bf4 Ng4 15. d4 c4 16. Nbd2 Rfe8 17.
Qc2 Rxe1+ 18. Rxe1 Re8 19. Rxe8+ Qxe8 20. Nf1 Bc8 21.
b3 Bf5 22. Qa2 Bd3 23. Ne3 Nxe3 24. Bxe3 Bf6 25. Ne1 cxb3 26. Qxb3 Bc4 27. Qxb6 Ne7 28. Qxf6 1-0

[Event "*** Titled Tuesday Blitz"]
[Site "Chess.com"]
[Date "2021.04.06"]
[Round "5"]
[White "colegiodemadrid"]
[Black "GMJustin"]
[Result "1-0"]
[WhiteElo "2493"]
[BlackElo "2286"]
[TimeControl "180+1"]
[EndTime "10:55:26 PDT"]
[Termination "colegiodemadrid won on time"]

1. Nf3 d5 2. c4 d4 3. b4 f6 4. e3 e5 5. Nxe5 fxe5 6. Qh5+ Ke7 7. Qxe5+ Be6 8. Qxd4 Qxd4 9. exd4 c6 10. Nc3 Nf6 11. Be2 Kf7 12. Rb1 Be7 13. d3 Rd8 14. Be3 Ng4 15. b5 Nxe3 16. fxe3 Nd7 17. bxc6 bxc6 18. d5 cxd5 19. cxd5 Bf5 20. O-O g6 21. e4 Bf6 22.
Nb5 Nb6 23. g4 1-0

[Event "*** Titled Tuesday Blitz"]
[Site "Chess.com"]
[Date "2021.04.06"]
[Round "5"]
[White "2346PL"]
[Black "MarcoRiehle"]
[Result "1-0"]
[WhiteElo "2504"]
[BlackElo "2668"]
[TimeControl "180+1"]
[EndTime "10:55:29 PDT"]
[Termination "2346PL won by resignation"]

1. d4 d5 2. Nc3 e6 3. Bf4 c5 4.
e3 Nf6 5. Nb5 Na6 6. c3 Be7 7. a4 O-O 8. Bd3 Bd7 9. Qf3 Bxb5 10. axb5 Nc7 11. Qg3 c4 12. Bxc7 Qd7 13. Bc2 Qxb5 14.
Rb1 a5 15. Nf3 Qc6 16. Be5 b5 17. Qh4 h6 18. g4 b4 19. g5 Nd7 20. Bxg7 f5 21.
Bxf8 Rxf8 22. Rg1 h5 23. Qxh5 b3 24. Qg6+ Kh8 25. Rg3 1-0